[Event "Titled Tuesday Blitz October 31 Early 2023"]
[White "PoXerStar"]
[Black "Hamitevici, Vladimir"]
[BlackFideId "13902393"]
[WhiteElo "2450"]
[BlackElo "2756"]
[Result "1/2-1/2"]
[Round "2"]
[TimeControl "180+1"]
[Date "2023.10.31"]
[WhiteClock "0:00:04"]
[BlackClock "0:00:08"]
[Board "101"]

1. d4 d6 2. Nc3 g6 3. e4 c6 4. f4 d5 5. e5 h5 6. Nf3 Bg4 7. Be2 e6 8. Be3 Nh6 9. O-O Nf5 10. Bf2 Be7 11. h3 Bxf3 12. Bxf3 h4 13. a4 a5 14. Ne2 Nd7 15. c4 dxc4 16. Nc3 Nb6 17. Ne4 Nd5 18. Qc1 Kf8 19. Re1 b5 20. b3 cxb3 21. Qxc6 b4 22. Nc5 Rc8 23. Nxe6+ fxe6 24. Qxe6 Nxf4 25. Qxb3 Rc3 26. Qd1 b3 27. d5 Bb4 28. e6 Rxf3 29. Qxf3 Bxe1 30. Rxe1 Nxd5 31. Qxb3 Nde7 32. Qc3 Kg8 33. Bc5 Qc8 34. Qe5 Kh7 35. Rf1 Rf8 36. Ba3 Qc6 37. Qxa5 Ra8 38. Qb4 Rxa4 39. Qb2 Qxe6 40. Bxe7 Re4 41. Bg5 Re2 42. Qb7+ Kg8 43. Qb8+ Qe8 44. Qb3+ Re6 45. Re1 Kf7 46. Rxe6 Qxe6 47. Qxe6+ Kxe6 48. Bf4 Kd5 49. Kf2 Ke4 50. Bh2 Kd3 51. Be5 Ke4 52. Bf6 Kf4 53. Bd8 g5 54. Bc7+ Ke4 55. Bd8 Kf4 56. Bc7+ Ke4 57. Bd8 Kf4 1/2-1/2


[Site "https://www.chess.com"]

[Event "Titled Tuesday Blitz October 31 Early 2023"]
[White "Matthes, Aaron"]
[Black "Rendle, Thomas E"]
[WhiteFideId "16227310"]
[BlackFideId "408760"]
[WhiteElo "2316"]
[BlackElo "2668"]
[Result "0-1"]
[Round "2"]
[TimeControl "180+1"]
[Date "2023.10.31"]
[WhiteClock "0:00:40"]
[BlackClock "0:00:13"]
[Board "102"]

1. Nf3 Nf6 2. g3 g6 3. Bg2 Bg7 4. O-O O-O 5. d4 d6 6. b3 a5 7. a4 c6 8. Bb2 Bf5 9. c4 Na6 10. Nc3 Nb4 11. Nh4 Bc2 12. Qd2 Bxb3 13. Ba3 Bxc4 14. Rfc1 Ba6 15. Rab1 c5 16. e4 cxd4 17. Qxd4 Nfd5 18. Qd2 Nxc3 19. Rxc3 Bxc3 20. Qxc3 Rc8 21. Qe3 Nc2 22. Qh6 Nxa3 23. Nf3 f6 24. Re1 Nc2 25. Nh4 Qe8 26. Rd1 Qf7 27. Bh3 Rc5 28. Qd2 Nb4 29. Nf3 Kh8 30. Nd4 Re5 31. Qf4 Nc6 32. Nf3 Be2 33. Rb1 Bxf3 34. Qxf3 Nb4 35. Rc1 Rc5 36. Rd1 f5 37. exf5 gxf5 38. Qf4 Qg7 39. Bf1 Nc6 40. Re1 Ne5 41. Be2 Rc2 42. Bd1 Rb2 43. Qh4 f4 44. g4 f3 45. h3 Rb4 46. Bc2 Nxg4 47. Rxe7 Qa1+ 0-1


[Site "https://www.chess.com"]

[Event "Titled Tuesday Blitz October 31 Early 2023"]
[White "Buscar, Michael"]
[Black "Principe, Alexander"]
[WhiteFideId "2603616"]
[BlackFideId "3804542"]
[WhiteElo "2338"]
[BlackElo "2648"]
[Result "0-1"]
[Round "2"]
[TimeControl "180+1"]
[Date "2023.10.31"]
[WhiteClock "0:00:04"]
[BlackClock "0:00:57"]
[Board "103"]

1. e4 e6 2. d4 d5 3. Nc3 Bb4 4. e5 c5 5. a3 Bxc3+ 6. bxc3 Ne7 7. Qg4 Qc7 8. Qxg7 Rg8 9. Qxh7 cxd4 10. Bb5+ Bd7 11. Bxd7+ Nxd7 12. Ne2 dxc3 13. O-O Qxe5 14. Qd3 Rc8 15. Bf4 Qe4 16. Qxe4 dxe4 17. Rab1 b6 18. Bd6 Nd5 19. h4 f5 20. Nf4 Nxf4 21. Bxf4 Nf6 22. Be5 Nd5 23. h5 Kf7 24. h6 Kg6 25. Bg7 Rc4 26. Rb3 Rgc8 27. Rd1 a6 28. g3 b5 29. Kg2 e3 30. Kf3 exf2 31. Kxf2 R8c7 32. Re1 R7c6 33. Kf3 Rg4 34. Rh1 Kh7 35. Re1 Rg6 36. Re5 Rc4 37. Rb1 Rcg4 38. Rg1 f4 39. Rxe6 Rxg3+ 40. Rxg3 Rxg3+ 41. Kf2 Ne3 42. Bxc3 Ng4+ 43. Ke2 Rxc3 44. Rxa6 Ne5 45. Kd2 Rh3 46. Rb6 Nc4+ 0-1


[Site "https://www.chess.com"]

[Event "Titled Tuesday Blitz October 31 Early 2023"]
[White "Fominykh, Maria"]
[Black "Prestia, Paris"]
[WhiteFideId "4142411"]
[BlackFideId "30925959"]
[WhiteElo "2280"]
[BlackElo "2606"]
[Result "0-1"]
[Round "2"]
[TimeControl "180+1"]
[Date "2023.10.31"]
[WhiteClock "0:00:00"]
[BlackClock "0:00:19"]
[Board "104"]

1. d4 Nf6 2. c4 g6 3. Nc3 Bg7 4. e4 O-O 5. Nf3 d6 6. h3 Na6 7. Be3 c5 8. d5 Nc7 9. Nd2 e6 10. Bd3 exd5 11. cxd5 Rb8 12. a4 Re8 13. O-O b6 14. Nb5 a6 15. Nxc7 Qxc7 16. Qc2 b5 17. axb5 axb5 18. b4 c4 19. Be2 Bd7 20. Ra7 Rb7 21. Rfa1 Reb8 22. Rxb7 Rxb7 23. Ra8+ Rb8 24. Ra7 Rb7 25. Ra8+ Be8 26. Bd4 Rb8 27. Ra7 Qd8 28. Qc3 Rc8 29. Bf3 Nh5 30. Bxh5 Bxd4 31. Qxd4 c3 32. Nb3 gxh5 33. Ra1 Rc4 34. Qd3 Qh4 35. Re1 f6 36. Nd4 Bg6 37. Nxb5 Rxb4 38. Nxc3 Kg7 39. Qd2 Rc4 40. Re3 Qg5 41. Qe2 Rc5 42. Rg3 Qc1+ 43. Nd1 Rc2 44. Qxh5 Rd2 45. Qg4 Qxd1+ 46. Qxd1 Rxd1+ 47. Kh2 Re1 48. f3 h5 49. h4 Kf7 50. Rh3 f5 51. exf5 Bxf5 52. Rg3 Bg6 53. Rg5 Rd1 54. Kg3 Kf6 55. Kf2 Bf7 56. Kg3 Rxd5 57. Rxd5 Bxd5 58. Kf4 Bf7 59. g4 d5 0-1


[Site "https://www.chess.com"]

[Event "Titled Tuesday Blitz October 31 Early 2023"]
[White "Vifleemskaia, Svetlana"]
[Black "Kim, Sergey"]
[WhiteFideId "4129490"]
[BlackFideId "13700570"]
[WhiteElo "2276"]
[BlackElo "2605"]
[Result "0-1"]
[Round "2"]
[TimeControl "180+1"]
[Date "2023.10.31"]
[WhiteClock "0:00:17"]
[BlackClock "0:00:43"]
[Board "105"]

1. d4 Nf6 2. c4 g6 3. Nc3 d6 4. e4 Bg7 5. Nge2 O-O 6. Ng3 e5 7. d5 a5 8. Be2 Na6 9. O-O Nc5 10. Be3 c6 11. Qd2 cxd5 12. cxd5 b6 13. Bh6 Ba6 14. Bxa6 Rxa6 15. f3 a4 16. Bxg7 Kxg7 17. Qe2 Qd7 18. b4 axb3 19. axb3 Rxa1 20. Rxa1 Nxb3 21. Rb1 Nd4 22. Qa6 Qc7 23. Nb5 Nxb5 24. Qxb5 Rb8 25. Ne2 Qc2 26. Kf2 Nh5 27. g3 Ra8 28. Qxb6 Ra2 29. Re1 Qd2 30. Qe3 Qc2 31. Kf1 Nf6 32. g4 Nd7 33. Rc1 Qb2 34. Rc7 Ra1+ 35. Rc1 Nc5 36. Rxa1 Qxa1+ 37. Kg2 Qd1 38. h4 Nd3 39. h5 Qxe2+ 40. Qxe2 Nf4+ 41. Kf2 Nxe2 42. Kxe2 gxh5 43. gxh5 Kh6 44. f4 f6 45. Kf3 Kxh5 46. fxe5 fxe5 47. Kg3 Kg5 0-1


[Site "https://www.chess.com"]

[Event "Titled Tuesday Blitz October 31 Early 2023"]
[White "UK_23"]
[Black "Mikaelyan, Arman"]
[BlackFideId "13304852"]
[WhiteElo "2398"]
[BlackElo "2906"]
[Result "0-1"]
[Round "2"]
[TimeControl "180+1"]
[Date "2023.10.31"]
[WhiteClock "0:00:33"]
[BlackClock "0:01:31"]
[Board "106"]

1. e4 e5 2. Nf3 Nc6 3. Bc4 Bc5 4. O-O d6 5. c3 Bb6 6. d3 Nf6 7. Bb3 O-O 8. h3 Ne7 9. Nbd2 c6 10. Re1 Ng6 11. Nf1 d5 12. Ng3 h6 13. exd5 Nxd5 14. Nxe5 Nxe5 15. Rxe5 Bxf2+ 16. Kh2 Qd6 17. d4 Bxg3+ 18. Kxg3 f6 19. Bf4 fxe5 20. Bxe5 Qg6+ 21. Kh2 Rf2 22. Qg1 Qf5 23. Bg3 Qxh3# 0-1


[Site "https://www.chess.com"]

[Event "Titled Tuesday Blitz October 31 Early 2023"]
[White "Mahdavi, Reza"]
[Black "Hoffmann, Asa"]
[WhiteFideId "12595926"]
[BlackFideId "2001470"]
[WhiteElo "2906"]
[BlackElo "2395"]
[Result "1-0"]
[Round "2"]
[TimeControl "180+1"]
[Date "2023.10.31"]
[WhiteClock "0:02:11"]
[BlackClock "0:01:43"]
[Board "107"]

1. c4 Nf6 2. Nf3 d6 3. d4 Bf5 4. Nc3 Nbd7 5. g3 c6 6. Bg2 h6 7. O-O e5 8. b3 Be7 9. Bb2 e4 10. Nh4 Bh7 11. Bh1 g5 12. Ng2 d5 13. Ne3 O-O 14. cxd5 cxd5 15. Ncxd5 Nxd5 16. Nxd5 Nf6 17. Nxe7+ Qxe7 18. d5 Nd7 19. Qd4 f6 20. Rac1 Rac8 21. Qxa7 Ne5 22. Ba3 Qd7 23. Bxf8 Rxf8 24. Bg2 Qxd5 25. Rfd1 Qb5 26. Rd2 e3 27. Qxe3 Nc6 28. Qc5 Qa6 29. Bd5+ Kh8 30. Qxf8+ Bg8 31. Qxg8# 1-0


[Site "https://www.chess.com"]

[Event "Titled Tuesday Blitz October 31 Early 2023"]
[White "Bashirli, Saadat"]
[Black "Erdogmus, Yagiz Kaan"]
[WhiteFideId "13429990"]
[BlackFideId "44599790"]
[WhiteElo "2394"]
[BlackElo "2900"]
[Result "0-1"]
[Round "2"]
[TimeControl "180+1"]
[Date "2023.10.31"]
[WhiteClock "0:00:00"]
[BlackClock "0:00:12"]
[Board "108"]

1. e4 c6 2. d4 d5 3. exd5 cxd5 4. Bd3 Nc6 5. c3 Qc7 6. Ne2 Bg4 7. f3 Bh5 8. Bf4 Qd7 9. Nd2 Bg6 10. Nb3 e6 11. Bxg6 hxg6 12. Qd2 Nge7 13. Ng3 b6 14. O-O-O a5 15. Qe2 Nc8 16. Rde1 Nd6 17. Bxd6 Bxd6 18. Qb5 a4 19. Nd2 O-O 20. Ne2 Rfc8 21. h4 a3 22. b3 Ra5 23. Qd3 Nb4 24. Qb1 Qb5 25. Kd1 Nd3 26. Ref1 Nb2+ 27. Ke1 Rxc3 28. Nxc3 Bg3+ 29. Rf2 Qb4 30. Qc2 Qxd4 31. Ndb1 Bxf2+ 32. Kf1 Bg3 33. h5 gxh5 34. Rxh5 g6 35. Rh3 Qe5 36. Ne2 Rc5 37. Qd2 Nd3 38. Rxg3 Nc1 39. Nbc3 Nxe2 40. Nxe2 Qb2 41. Ke1 Rc2 42. Qd1 Qxa2 43. Rg4 Qb2 44. Ra4 a2 45. Ra8+ Kg7 46. Kf1 Qb1 47. Ke1 Rb2 48. Nc3 Rxb3 49. Ke2 Qb2+ 0-1


[Site "https://www.chess.com"]

[Event "Titled Tuesday Blitz October 31 Early 2023"]
[White "Jackalhead_Anubis"]
[Black "Ashraf, Artin"]
[BlackFideId "22514805"]
[WhiteElo "2392"]
[BlackElo "2829"]
[Result "0-1"]
[Round "2"]
[TimeControl "180+1"]
[Date "2023.10.31"]
[WhiteClock "0:00:11"]
[BlackClock "0:01:22"]
[Board "109"]

1. e4 g6 2. d4 Bg7 3. Nc3 d6 4. Be3 a6 5. f4 b5 6. e5 Nh6 7. Qf3 Ra7 8. h3 Nd7 9. g4 Bb7 10. d5 Ra8 11. exd6 cxd6 12. O-O-O Ng8 13. Nge2 Ngf6 14. Bg2 Rc8 15. h4 Qa5 16. a3 Nb6 17. g5 Nfd7 18. Bd4 Bxd4 19. Rxd4 Nc4 20. Nb1 e5 21. fxe5 dxe5 22. Rdd1 h5 23. Rhf1 O-O 24. Rde1 Qc7 25. Nec3 Nd6 26. Rf2 a5 27. Qd3 Nc5 28. Qd2 b4 29. Rxe5 Nc4 30. d6 Qd7 31. Re7 Nxd2 32. Rxd7 Bxg2 33. Rxg2 Nxd7 34. Nd5 Nxb1 35. Kxb1 Kg7 36. axb4 axb4 37. Nxb4 Rc4 0-1


[Site "https://www.chess.com"]

[Event "Titled Tuesday Blitz October 31 Early 2023"]
[White "Molina, Roberto Junio Brito"]
[Black "Goldin, Roman"]
[WhiteFideId "2109450"]
[BlackFideId "2803860"]
[WhiteElo "2811"]
[BlackElo "2390"]
[Result "1-0"]
[Round "2"]
[TimeControl "180+1"]
[Date "2023.10.31"]
[WhiteClock "0:00:23"]
[BlackClock "0:00:00"]
[Board "110"]

1. d4 Nf6 2. Nf3 b5 3. e3 a6 4. Bd3 Bb7 5. O-O e6 6. Qe2 c5 7. c3 d6 8. a4 c4 9. Bc2 Nbd7 10. e4 Nb6 11. Bg5 Be7 12. Nbd2 h6 13. Bh4 Bc6 14. axb5 axb5 15. e5 Nfd5 16. Bxe7 Qxe7 17. exd6 Qxd6 18. Ne4 Qc7 19. Ne5 O-O 20. g3 Nd7 21. Nxd7 Qxd7 22. Nc5 Qc7 23. Be4 Nf6 24. Bxc6 Qxc6 25. f4 Nd7 26. Qe4 Qxe4 27. Nxe4 Rxa1 28. Rxa1 Rb8 29. Ra7 Nb6 30. Nc5 Nd5 31. Nd7 Rd8 32. Ne5 b4 33. Nxf7 Rb8 34. Ne5 bxc3 35. bxc3 Nxc3 36. Nxc4 Ne2+ 37. Kf2 Nxd4 38. h4 Nf5 39. h5 Rb4 40. Rc7 Rb3 41. g4 Nd4 42. Ne5 1-0


[Site "https://www.chess.com"]

[Event "Titled Tuesday Blitz October 31 Early 2023"]
[White "Alexandre, Anne Shopie Elizabeth"]
[Black "Lebedev, Artem S."]
[WhiteFideId "11902418"]
[BlackFideId "34272747"]
[WhiteElo "2808"]
[BlackElo "2386"]
[Result "1-0"]
[Round "2"]
[TimeControl "180+1"]
[Date "2023.10.31"]
[WhiteClock "0:01:39"]
[BlackClock "0:00:03"]
[Board "111"]

1. e3 d5 2. c4 Nf6 3. cxd5 Nxd5 4. d4 c5 5. e4 Nf6 6. d5 Qa5+ 7. Bd2 Qb6 8. Nc3 e6 9. Nf3 exd5 10. e5 d4 11. exf6 dxc3 12. Bxc3 gxf6 13. Bc4 Be6 14. Qe2 Nd7 15. Ng5 O-O-O 16. Nxe6 fxe6 17. O-O-O e5 18. Kb1 Be7 19. Qg4 Qc7 20. Be6 Bd6 21. Rd2 h5 22. Qf5 Kb8 23. Rhd1 Nb6 24. Qxf6 Rhf8 25. Qh4 Be7 26. Qxh5 Rxd2 27. Rxd2 Ka8 28. Qxe5 Qc6 29. f3 Qb5 30. Bb3 Re8 31. Qxe7 Qf1+ 32. Bd1 Qxd1+ 33. Rxd1 Rxe7 34. Rd8+ Nc8 1-0


[Site "https://www.chess.com"]

[Event "Titled Tuesday Blitz October 31 Early 2023"]
[White "Golizadeh, Asghar"]
[Black "MarijaKuznecova"]
[WhiteFideId "12505269"]
[WhiteElo "2781"]
[BlackElo "2384"]
[Result "1-0"]
[Round "2"]
[TimeControl "180+1"]
[Date "2023.10.31"]
[WhiteClock "0:01:25"]
[BlackClock "0:00:32"]
[Board "112"]

1. e4 c5 2. Nf3 d6 3. Bb5+ Bd7 4. Bxd7+ Qxd7 5. c4 Nf6 6. Nc3 g6 7. d4 cxd4 8. Nxd4 Bg7 9. f3 O-O 10. Be3 Nc6 11. O-O Rfc8 12. b3 a6 13. Nde2 Ne8 14. Rc1 b5 15. Nd5 Qb7 16. Nb6 bxc4 17. Nxc8 Rxc8 18. Rxc4 Nc7 19. Qc1 Ne6 20. Qc2 Ned8 21. Rc1 Nb4 22. Rxc8 Nxc2 23. Rxd8+ Bf8 24. Rxc2 1-0


[Site "https://www.chess.com"]

[Event "Titled Tuesday Blitz October 31 Early 2023"]
[White "Matveeva, Olga"]
[Black "Mindlin, Alon"]
[WhiteFideId "24107018"]
[BlackFideId "2800071"]
[WhiteElo "2383"]
[BlackElo "2772"]
[Result "0-1"]
[Round "2"]
[TimeControl "180+1"]
[Date "2023.10.31"]
[WhiteClock "0:00:05"]
[BlackClock "0:02:13"]
[Board "113"]

1. d4 Nf6 2. c4 e6 3. g3 Bb4+ 4. Bd2 Qe7 5. Nf3 Nc6 6. Nc3 O-O 7. Bg2 d6 8. O-O a5 9. Rc1 Bxc3 10. Bxc3 e5 11. dxe5 dxe5 12. b3 Bf5 13. Nh4 Be4 14. f3 Rfd8 15. Qe1 Bg6 16. Nxg6 hxg6 17. Qf2 a4 18. Rfd1 axb3 19. axb3 Ra2 20. Qe3 Re8 21. Rd2 Ra3 22. Bb2 Ra2 23. Bc3 Qa3 24. Rxa2 Qxa2 25. Ba1 Nd4 26. Kh1 Nxb3 27. Rd1 Nxa1 0-1


[Site "https://www.chess.com"]

[Event "Titled Tuesday Blitz October 31 Early 2023"]
[White "Kovalevsky, Stanislav"]
[Black "Tatarinov, Dmitry"]
[WhiteFideId "13508598"]
[BlackFideId "24160067"]
[WhiteElo "2380"]
[BlackElo "2762"]
[Result "0-1"]
[Round "2"]
[TimeControl "180+1"]
[Date "2023.10.31"]
[WhiteClock "0:00:03"]
[BlackClock "0:00:55"]
[Board "114"]

1. c4 Nf6 2. Nc3 g6 3. e4 Bg7 4. e5 Ng8 5. d4 d6 6. Bf4 dxe5 7. dxe5 Nd7 8. e6 fxe6 9. Nf3 c6 10. Ng5 Bxc3+ 11. bxc3 e5 12. Bg3 Qa5 13. Qb3 Ngf6 14. Be2 e4 15. Ne6 Nc5 16. Nc7+ Kf7 17. Qb4 Qxb4 18. cxb4 Na6 19. Nxa8 Nxb4 20. O-O Nh5 21. c5 Nxg3 22. hxg3 Bf5 23. Nc7 Rc8 24. Bc4+ Kf6 25. Rfb1 Nc2 26. Rc1 Nxa1 27. Na6 bxa6 28. Rxa1 Rb8 29. Bxa6 Ke5 30. f4+ Kd4 31. Kh2 Kxc5 32. Rc1+ Kd6 33. Bc4 h5 34. Rd1+ Kc7 35. Bb3 Rb5 36. Rc1 e5 37. Kg1 exf4 38. gxf4 Kd6 39. Kf2 Rc5 40. Rd1+ Kc7 41. Ke3 Rc3+ 42. Kd4 Rg3 43. Rd2 h4 44. Ke5 e3 45. Rb2 Bg4 46. Bc4 e2 47. Bxe2 Re3+ 48. Kf6 Rxe2 49. Rxe2 Bxe2 50. Kxg6 Bf1 51. Kg5 Bxg2 52. Kxh4 Kd6 53. Kg5 c5 54. f5 c4 55. f6 c3 56. f7 Ke7 57. Kg6 Bd5 58. Kf5 c2 0-1


[Site "https://www.chess.com"]

[Event "Titled Tuesday Blitz October 31 Early 2023"]
[White "Weetik, Vjacheslav"]
[Black "Haitin, Ilja"]
[WhiteFideId "4153472"]
[BlackFideId "4501764"]
[WhiteElo "2750"]
[BlackElo "2376"]
[Result "0-1"]
[Round "2"]
[TimeControl "180+1"]
[Date "2023.10.31"]
[WhiteClock "0:00:03"]
[BlackClock "0:00:07"]
[Board "115"]

1. e4 e5 2. Nf3 Nc6 3. Bb5 d6 4. Nc3 Bd7 5. d4 exd4 6. Nxd4 g6 7. Be3 Bg7 8. Qd2 a6 9. Be2 Nxd4 10. Bxd4 Bxd4 11. Qxd4 Qf6 12. Qc4 Bc6 13. O-O-O Ne7 14. Kb1 O-O-O 15. f4 Qe6 16. Qd4 Kb8 17. g3 d5 18. Rhe1 dxe4 19. Qxd8+ Rxd8 20. Rxd8+ Ka7 21. Rd4 Qh3 22. Bc4 Qxh2 23. Nxe4 Nf5 24. Rdd1 Qg2 25. Ng5 Qxg3 26. Nxf7 Ne3 27. Rxe3 Qxe3 28. Ne5 Qxf4 29. Nxc6+ bxc6 30. b3 h5 31. Rd7 Kb6 32. Rh7 Qg3 33. a4 a5 34. Rh8 h4 35. Rb8+ Kc5 36. Ra8 Kb4 37. Kb2 Qe5+ 38. Kb1 Ka3 39. Kc1 Qe1# 0-1


[Site "https://www.chess.com"]

[Event "Titled Tuesday Blitz October 31 Early 2023"]
[White "Gorovets, Andrey"]
[Black "Goswami, Vedant"]
[WhiteFideId "13504037"]
[BlackFideId "5003725"]
[WhiteElo "2747"]
[BlackElo "2370"]
[Result "1-0"]
[Round "2"]
[TimeControl "180+1"]
[Date "2023.10.31"]
[WhiteClock "0:00:35"]
[BlackClock "0:00:02"]
[Board "116"]

1. Nf3 Nc6 2. d4 d5 3. g3 Bg4 4. Bg2 Qd7 5. c4 e6 6. Nc3 Nf6 7. Ne5 Nxe5 8. dxe5 d4 9. Nb5 Bb4+ 10. Bd2 Bxd2+ 11. Qxd2 Ng8 12. h3 Bf5 13. g4 Bg6 14. Bxb7 Rb8 15. Bg2 d3 16. Rd1 Ne7 17. exd3 h5 18. d4 a6 19. Nc3 Nc6 20. g5 Nb4 21. O-O Nd3 22. Ne4 Nxb2 23. Rb1 Bxe4 24. Bxe4 O-O 25. Rxb2 1-0


[Site "https://www.chess.com"]

[Event "Titled Tuesday Blitz October 31 Early 2023"]
[White "Sukandar, Irine Kharisma"]
[Black "mind1mover"]
[WhiteFideId "7101937"]
[WhiteElo "2369"]
[BlackElo "2744"]
[Result "0-1"]
[Round "2"]
[TimeControl "180+1"]
[Date "2023.10.31"]
[WhiteClock "0:00:00"]
[BlackClock "0:00:37"]
[Board "117"]

1. d4 d6 2. e4 Nf6 3. Nf3 Nxe4 4. Bd3 Nf6 5. O-O g6 6. c4 Bg7 7. Nc3 O-O 8. Re1 Bg4 9. h3 Bxf3 10. Qxf3 Nc6 11. Be3 Nd7 12. Rad1 Nxd4 13. Qxb7 Nc5 14. Qd5 e6 15. Qg5 Qxg5 16. Bxg5 Nxd3 17. Rxd3 a6 18. Red1 Nc6 19. Na4 Ne5 20. Rc3 Rfb8 21. b3 Rb4 22. Rc2 Nc6 23. Bd2 Rbb8 24. Be3 f5 25. Bf4 Nd4 26. Rcd2 e5 27. Be3 Nc6 28. f3 Ne7 29. Bf2 Bh6 30. Re2 Nc6 31. c5 Rd8 32. cxd6 Rxd6 33. Rde1 Rad8 34. Nc5 Rd1 35. Nxa6 Rxe1+ 36. Bxe1 Rd1 37. Nc5 Nd4 38. Rxe5 Bf4 39. Re8+ Kf7 40. Rd8 Rxe1+ 41. Kf2 Re2+ 42. Kf1 Be3 0-1


[Site "https://www.chess.com"]

[Event "Titled Tuesday Blitz October 31 Early 2023"]
[White "Seresin, Francesco"]
[Black "Schmakel, Sam"]
[WhiteFideId "886335"]
[BlackFideId "2039311"]
[WhiteElo "2369"]
[BlackElo "2731"]
[Result "0-1"]
[Round "2"]
[TimeControl "180+1"]
[Date "2023.10.31"]
[WhiteClock "0:00:16"]
[BlackClock "0:00:17"]
[Board "118"]

1. d4 Nf6 2. c4 c5 3. d5 b5 4. cxb5 a6 5. e3 g6 6. Nc3 Bg7 7. e4 O-O 8. Nf3 axb5 9. Bxb5 Nxe4 10. Nxe4 Qa5+ 11. Nc3 Bxc3+ 12. bxc3 Qxb5 13. Qe2 Qxe2+ 14. Kxe2 Ba6+ 15. Kd1 Bc4 16. Re1 Bxd5 17. Rxe7 Rxa2 18. Rxa2 Bxa2 19. Bf4 Be6 20. Ne5 Rc8 21. Bh6 d6 22. Nf3 Nc6 23. Rb7 Bd5 24. Rb6 Bxf3+ 25. gxf3 Ne5 26. Rxd6 Nxf3 27. h3 Nh4 28. Bf4 Nf5 29. Rb6 h6 30. Ke2 g5 31. Rb8 Rf8 32. Rxf8+ Kxf8 33. Be5 Ke7 34. Kd3 Ke6 35. Bb8 Nd6 36. Ba7 c4+ 37. Kd4 Nb5+ 38. Kxc4 Nxa7 39. Kc5 h5 0-1


[Site "https://www.chess.com"]

[Event "Titled Tuesday Blitz October 31 Early 2023"]
[White "Arhan_Anand"]
[Black "Fernandez, Michael"]
[BlackFideId "5803560"]
[WhiteElo "2717"]
[BlackElo "2368"]
[Result "1/2-1/2"]
[Round "2"]
[TimeControl "180+1"]
[Date "2023.10.31"]
[WhiteClock "0:00:22"]
[BlackClock "0:00:09"]
[Board "119"]

1. b3 Nf6 2. Bb2 c5 3. Nf3 Nc6 4. c4 e5 5. Nxe5 Nxe5 6. Bxe5 d6 7. Bb2 b6 8. d3 Be7 9. e4 O-O 10. Be2 Nd7 11. O-O Bf6 12. Nc3 Bd4 13. Qd2 Ne5 14. Nd5 Be6 15. Bxd4 cxd4 16. Nb4 f5 17. exf5 Bxf5 18. Nc2 Qh4 19. g3 Qh3 20. Nxd4 Bg4 21. f4 Bxe2 22. Qxe2 Ng4 23. Rae1 Rfe8 24. Qd2 Qh6 25. Nf3 d5 26. Rxe8+ Rxe8 27. Re1 Rd8 28. Qe2 dxc4 29. dxc4 Qd6 30. Qe6+ Qxe6 31. Rxe6 Rd1+ 32. Kg2 Ra1 33. a4 Rb1 34. Ng5 g6 35. Re8+ Kg7 36. Re7+ Kg8 37. h3 Rb2+ 38. Kf3 Nh2+ 39. Ke3 Nf1+ 40. Kd3 Rxb3+ 41. Kc2 Rxg3 42. Nxh7 Ne3+ 43. Kc1 Nxc4 44. Nf6+ Kf8 45. Rxa7 Rxh3 46. Nh7+ Kg8 47. Ng5 Rg3 48. Ne4 Re3 49. Nf6+ Kf8 50. Nd5 Rd3 51. Rd7 Ra3 52. Ra7 b5 53. Ra8+ Kg7 54. Ra7+ Kf8 55. Ra8+ Kf7 56. Ra7+ Kf8 1/2-1/2


[Site "https://www.chess.com"]

[Event "Titled Tuesday Blitz October 31 Early 2023"]
[White "Real_taiatai"]
[Black "Maximov, Dmitry"]
[BlackFideId "14105659"]
[WhiteElo "2363"]
[BlackElo "2717"]
[Result "0-1"]
[Round "2"]
[TimeControl "180+1"]
[Date "2023.10.31"]
[WhiteClock "0:00:00"]
[BlackClock "0:00:49"]
[Board "120"]

1. d4 Nf6 2. Nf3 g6 3. c4 Bg7 4. Nc3 O-O 5. e4 d6 6. h3 e5 7. d5 a5 8. Be3 Na6 9. g4 Nd7 10. g5 Ndc5 11. Qc2 f5 12. gxf6 Qxf6 13. Be2 Nb4 14. Qd2 Nbd3+ 15. Kd1 a4 16. Kc2 Nb4+ 17. Kd1 a3 18. b3 Ncd3 19. Rh2 Nb2+ 20. Kc1 Bd7 21. Nd1 N2d3+ 22. Kb1 c5 23. Ne1 Nf4 24. Bf1 b5 25. cxb5 Rfb8 26. Nc2 Nxc2 27. Kxc2 Bxb5 28. Bxb5 Rxb5 29. Nc3 Rb4 30. Rd1 Rc8 31. Nb1 Rd4 32. Qa5 Nxd5 33. Bxd4 cxd4+ 34. Kd2 Bh6+ 35. Ke2 Rc2+ 36. Kf1 Ne3+ 37. Kg1 Nxd1 38. Qd5+ Kh8 39. Nxa3 Rc1 40. Qa8+ Bf8 0-1


[Site "https://www.chess.com"]

[Event "Titled Tuesday Blitz October 31 Early 2023"]
[White "djokovic74"]
[Black "LiadCuba"]
[WhiteElo "2705"]
[BlackElo "2361"]
[Result "1-0"]
[Round "2"]
[TimeControl "180+1"]
[Date "2023.10.31"]
[WhiteClock "0:00:02"]
[BlackClock "0:00:00"]
[Board "121"]

1. e4 c5 2. Nf3 d6 3. d4 cxd4 4. Nxd4 Nf6 5. Nc3 a6 6. Be2 e5 7. Nf3 Be7 8. Bg5 O-O 9. Bxf6 Bxf6 10. O-O Be6 11. Nd5 Nd7 12. Bc4 Nb6 13. Bb3 Bxd5 14. Bxd5 Nxd5 15. Qxd5 Qc7 16. c3 Rfd8 17. Rfd1 Be7 18. a4 Qc6 19. h3 Rdc8 20. Nh2 Rab8 21. a5 b6 22. axb6 Qxb6 23. Ra2 Rc5 24. Qd3 Rb5 25. b4 a5 26. bxa5 Rxa5 27. Rad2 Ra3 28. Ng4 h6 29. Ne3 Bg5 30. Nd5 Qa7 31. Rc2 Bd8 32. Ne3 Bb6 33. Nc4 Ra1 34. Rxa1 Qxa1+ 35. Kh2 Bc5 36. Qd5 Qa4 37. Rd2 Rc8 38. Nxd6 Bxd6 39. Qxd6 Qxe4 40. Rd3 Rc6 41. Qd8+ Kh7 42. Rg3 Qf4 43. Qd3+ e4 44. Qd4 Rg6 45. Qe3 Qxe3 46. Rxe3 f5 47. f3 exf3 48. Rxf3 Rf6 49. Kg3 Kg6 50. Kf4 Rc6 51. Ke5 Rc5+ 52. Kd4 Rc8 53. c4 Kf6 54. Re3 f4 55. Re1 g5 56. c5 h5 57. Kd5 g4 58. c6 f3 59. gxf3 gxh3 60. Rh1 Kg5 61. Rxh3 Rd8+ 62. Kc5 Rd1 63. c7 Rc1+ 64. Kd6 Rd1+ 65. Ke7 Re1+ 66. Kd8 Rd1+ 67. Kc8 h4 68. Rh2 Rc1 69. f4+ Kg4 70. f5 Kg3 71. Rd2 h3 72. f6 h2 73. Rxh2 Kxh2 74. f7 Rf1 75. Kb8 Rb1+ 76. Ka7 Ra1+ 77. Kb6 Rb1+ 78. Kc5 Rc1+ 79. Kb4 Rxc7 80. f8=Q Rb7+ 81. Kc5 Rh7 82. Qf4+ 1-0


[Site "https://www.chess.com"]

[Event "Titled Tuesday Blitz October 31 Early 2023"]
[White "Djokic, Mihailo"]
[Black "Pumpkin_in_moonlight"]
[WhiteFideId "976440"]
[WhiteElo "2699"]
[BlackElo "2350"]
[Result "1-0"]
[Round "2"]
[TimeControl "180+1"]
[Date "2023.10.31"]
[WhiteClock "0:01:31"]
[BlackClock "0:00:04"]
[Board "122"]

1. e4 e5 2. Nf3 Nc6 3. Nc3 Nf6 4. Bb5 Bb4 5. O-O O-O 6. d3 d6 7. Bg5 Bxc3 8. bxc3 h6 9. Bh4 Bg4 10. h3 Bh5 11. g4 Bg6 12. Re1 Nb8 13. d4 c6 14. Bd3 Nbd7 15. Rb1 Rb8 16. Nd2 Qc7 17. Qf3 d5 18. Bg3 Rfe8 19. exd5 Nxd5 20. Bxg6 fxg6 21. Nc4 Nf4 22. Nxe5 Nxe5 23. Qxf4 Rf8 24. Qxe5 1-0


[Site "https://www.chess.com"]

[Event "Titled Tuesday Blitz October 31 Early 2023"]
[White "Preotu, Razvan"]
[Black "Diaz, Fernando"]
[WhiteFideId "2613280"]
[BlackFideId "3701255"]
[WhiteElo "2684"]
[BlackElo "2349"]
[Result "1-0"]
[Round "2"]
[TimeControl "180+1"]
[Date "2023.10.31"]
[WhiteClock "0:01:27"]
[BlackClock "0:00:33"]
[Board "123"]

1. e4 e6 2. d4 d5 3. Nc3 Bb4 4. e5 c5 5. a3 Bxc3+ 6. bxc3 Ne7 7. h4 Qa5 8. Bd2 Qa4 9. h5 h6 10. Qg4 Nf5 11. Bd3 Kf8 12. Qf4 cxd4 13. g4 Ne7 14. cxd4 Nbc6 15. Nf3 Bd7 16. Rg1 Na5 17. g5 Nf5 18. gxh6 Rxh6 19. Bb4+ Ke8 20. Bxf5 exf5 21. Rxg7 1-0


[Site "https://www.chess.com"]

[Event "Titled Tuesday Blitz October 31 Early 2023"]
[White "Xtrmntr78"]
[Black "Girinath, P.D.S."]
[BlackFideId "5000572"]
[WhiteElo "2679"]
[BlackElo "2344"]
[Result "1-0"]
[Round "2"]
[TimeControl "180+1"]
[Date "2023.10.31"]
[WhiteClock "0:02:24"]
[BlackClock "0:02:22"]
[Board "124"]

1. c4 d5 2. Nc3 e6 3. d4 Nf6 4. Nf3 dxc4 5. e3 Bb4 6. Bxc4 c5 7. O-O h5 8. a3 Ba5 9. dxc5 a6 10. b4 Bc7 11. Qxd8+ Bxd8 12. Bb2 Nc6 13. Rfd1 b5 14. Nxb5 axb5 15. Bxb5 Bd7 16. Rxd7 Kxd7 17. Ne5+ 1-0


[Site "https://www.chess.com"]